 Dungeon Crawl Stone Soup version 0.30.1-4-g462c640d31 (webtiles) character file.

Game seed: 13431364203804312649

190 boopmooplesden the Covered (level 5, 0/48 HPs)
             Began as an Armataur Fighter on Sept 17, 2023.
             Slain by an ogre
             ... wielding a +0 giant club
              (19 damage)
             ... on level 4 of the Dungeon.
             The game lasted 00:03:33 (3198 turns).

boopmooplesden the Covered (Armataur Fighter)       Turns: 3198, Time: 00:03:34

Health: 0/48       AC:  7    Str: 21    XL:     5   Next: 41%
Magic:  5/5        EV:  7    Int:  9    God:
Gold:   239        SH:  4    Dex: 11    Spells: 4/4 levels left

rFire   . . .        a - +1 long sword
rCold   . . .        c - +0 buckler
rNeg    . . .        b - +0 scale mail
rPois   .            (no helmet)
rElec   .            (no cloak)
rCorr   .            (no gloves)
SInv    .            (no barding)
Will    .....        (no amulet) Stlth
                     (no ring)
HPRegen 0.28/turn    (no ring)
MPRegen 0.09/turn

%: roll
@: mighty
A: large, rugged brown scales 3, deformed body, armoured tail, roll, long
tongue, awkward tongue
a: no special abilities


You were on level 4 of the Dungeon.
You visited 1 branch of the dungeon, and saw 4 of its levels.

You collected 239 gold pieces.

Inventory:

Hand Weapons
 a - a +1 long sword (weapon)
Armour
 b - a +0 scale mail (worn)
 c - a +0 buckler (worn)
Scrolls
 f - a scroll of fog
 l - 4 scrolls of identify
 m - 2 scrolls of teleportation
Potions
 d - a potion of might
 e - a potion of lignification
 g - a potion of invisibility {unknown}
 h - 3 potions of curing
 i - 2 potions of resistance
 k - a potion of mutation {unknown}
 o - a potion of magic {unknown}


   Skills:
 + Level 3.3 Fighting
 + Level 3.3 Long Blades
 + Level 4.9 Armour
 + Level 0.3 Dodging
 + Level 0.3 Stealth
 + Level 4.0 Shields


You had 4 spell levels left.
You didn't know any spells.
Your spell library contained the following spells:

 Spells                   Type           Power      Damage    Failure   Level
 Cigotuvi's Dreadful Rot  Necr/Pois/Air  0%         N/A       89%         2
 Ignite Poison            Fire/Tmut/Pois 0%         N/A       98%         3
 Freezing Cloud           Conj/Ice/Air   0%         6-21      100%        5


Dungeon Overview and Level Annotations

Branches:
Dungeon (4/15)
 Temple: D:4-7

Altars:
Gozag
Uskayaw

Shops:
D:3 =([[


Innate Abilities, Weirdness & Mutations

You are completely covered in rugged brown scales. (AC +3, +7% HP)
Armour fits poorly on your strangely shaped body.
You have a long armoured tail.
You roll when moving toward enemies. (Rampage)
Your long tongue fully drains potion bottles. (2x potion effects)
Your tongue gives you trouble enunciating. (1.5x scroll delay)


Message History

The iguana is severely wounded.
The iguana bites you!
You barely miss the iguana.
Your tail-slap misses the iguana.
The iguana is severely wounded.
The iguana closely misses you.
You hit the iguana.
The iguana is severely wounded.
The iguana barely misses you. You block the iguana's attack.
You completely miss the iguana.
Your tail-slap misses the iguana.
The iguana is severely wounded.
The iguana closely misses you.
You hit the iguana.
The iguana is almost dead.
The iguana barely misses you.
You hit the iguana.
The iguana is almost dead.
The iguana barely misses you.
You closely miss the iguana.
Your tail-slap misses the iguana.
The iguana is almost dead.
The iguana bites you! The iguana bites you.
You hit the iguana.
You kill the iguana!
You see here an iguana corpse.
You open the door.
An iguana and an ogre come into view.
The iguana hisses angrily.
The ogre shouts!
Found a scroll of immolation.
You feel very mighty all of a sudden.
You slurp down every last drop of the potion of might!
You hit the ogre.
The ogre is lightly wounded.
The ogre hits you with a +0 giant club!!
Ouch! That really hurt!
You hit the ogre.
The ogre is moderately wounded.
You block the ogre's attack.
You slash the ogre!
Your tail-slap misses the ogre.
The ogre is almost dead.
The ogre hits you with a +0 giant club!!
You die...

#.##.#.#
#.##.#.##
#.##.....
#.##.#.#
##.#....#
####.†.....#
#..........#
####.##.###.###
........###@#
####......lO#
########'# ...
..... .......
..?.....l
'.........'
##.........##


You could see an ogre and an iguana.

Vanquished Creatures
  An iguana (D:4)
  Terence (D:3)
  A sleepcap (D:3)
  3 adders
  An ufetubus (D:3)
  4 worms (D:2)
  3 dart slugs
  4 orcs (D:4)
  10 ball pythons
  2 bats (D:2)
  2 endoplasms
  4 giant cockroaches
  6 goblins
  4 hobgoblins
  2 kobolds (D:3)
  5 quokkas
  A frilled lizard (D:1)
  5 rats
59 creatures vanquished.

Notes
Turn   | Place    | Note
-------+----------+-------------------------------------------
     0 | D:1      | boopmooplesden the Armataur Fighter began the quest for the
                  | Orb.
     0 | D:1      | Reached XP level 1. HP: 19/19 MP: 1/1
   241 | D:1      | Reached XP level 2. HP: 26/26 MP: 2/2
   357 | D:1      | Found a faded altar of an unknown god.
  1055 | D:2      | Reached XP level 3. HP: 33/33 MP: 3/3
  1675 | D:2      | Reached XP level 4. HP: 33/40 MP: 4/4
  2009 | D:3      | Found an opulent altar of Gozag.
  2015 | D:3      | Found Xueblemo's Antique Armour Boutique.
  2077 | D:3      | Found Oheus's Weapon Shoppe.
  2213 | D:3      | Found a hide-covered altar of Uskayaw.
  2232 | D:3      | Noticed Terence
  2246 | D:3      | Killed Terence
  2352 | D:3      | Reached XP level 5. HP: 16/48 MP: 5/5
  2539 | D:3      | Found Letacaf's Jewellery Boutique.
  2561 | D:3      | Noticed an animated crystal plate armour
  2563 | D:3      | Found Pucwug's Armour Shop.
  2565 | D:3      | Noticed an animated shadow dragon scales
  3193 | D:4      | Noticed an ogre
  3198 | D:4      | Slain by an ogre

Illustrated notes

Levels and vault maps discovered:
D:1:      psy_arrival_whirlpool, layout_loops_corners,
          shapermc_ecumenical_altar_gd, grunt_decor_junction
D:2:      layout_basic
D:3:      layout_basic, lemuel_crystal_altar, mainiacjoe_overflow_boulevard,
          serial_shops, nicolae_shop_advertising_works
          [nicolae_subvault_shop_adworks], nicolae_shop_mannequins, shop,
          nicolae_shop_pleasant_corner_grove, uniq_terence
D:4:      layout_loops_corners, mainiacjoe_overflow_chevrons, serial_shops,
          nicolae_shop_window_shopping, nicolae_concentric_dashed_squares_mild,
          uniq_robin

Skill      XL: |  1  2  3  4  5 |
---------------+----------------+-----
Long Blades    | 2 3 |  3.3
Fighting       | 3 |  3.3
Armour         | 4 |  4.9
Shields        | 4 |  4.0
Dodging        | |  0.3
Stealth        | |  0.3

Action                     |  1- 3 |  4- 6 || total
---------------------------+-------+-------++-------
  Melee: Long sword        |   119 |    76 ||   195
         Tailslap          |    11 |     8 ||    19
    Use: Scroll            |     5 |     6 ||    11
         Potion            |       |     1 ||     1
 Armour: Scale mail        |    47 |    37 ||    84
  Dodge: Dodged            |    25 |    28 ||    53
  Block: Buckler           |    34 |    18 ||    52
